[Event "68th Warsaw-ch-A 2019"]
[Site "Warsaw"]
[Date "2019.11.18"]
[Round "8.8"]
[White "Poniewierski, Piotr"]
[Black "Sadowski, Miroslaw"]
[Result "*"]
[WhiteElo "1858"]
[BlackElo "1998"]
[Annotator "NA RC"]
[PlyCount "118"]
[EventDate "2019.11.14"]
[EventType "swiss"]
[EventCountry "POL"]
[SourceTitle "playchess.com"]
[Source "ChessBase"]
[SourceQuality "1"]
[TimeControl "5400+30"]

1. Nf3 g6 2. g3 Bg7 3. Bg2 Nf6 4. c4 O-O 5. O-O d6 6. Nc3 Nc6 7. d3 a6 8. Rb1 Rb8 {[%emt 0:00:08] A16: English Opening: 1...Nf6 with ...d5} 9. Bg5 (9. Nd2 Bd7 10. b4 b5 11. a3 Qc8 12. Bb2 Ne5 13. Ba1 Bh3 14. Nde4 Bxg2 15. Nxf6+ exf6 16. Kxg2 {0-1 (38) Mikhalevski,V (2579)-Hakobyan,A (2545) St Petersburg 2018}) 9... h6 10. Bd2 Bd7 11. Qc1 $146 ({Predecessor:} 11. a4 a5 12. e4 Bg4 13. h3 Bxf3 14. Bxf3 Nd7 15. Bg2 Nde5 {0-1 (60) Lueders,G (2261)-Lagunow,A (2440) Berlin 1999}) 11... Kh7 12. b4 b5 13. Nd5 Ng8 14. Qc2 e6 15. Ne3 Nd4 16. Nxd4 Bxd4 17. Rfc1 c6 18. Nd1 d5 19. e3 Bg7 20. Bc3 Bxc3 21. Qxc3 Qf6 22. f4 bxc4 23. dxc4 Qxc3 24. Nxc3 Nf6 25. Na4 Rfe8 26. Nc5 Bc8 27. Nd3 Nd7 28. Kf2 Bb7 29. a4 Rec8 30. a5 Kg7 31. g4 Kf8 32. h4 Ke7 33. g5 hxg5 34. hxg5 Ba8 35. cxd5 cxd5 36. Ke2 Bc6 37. Kd2 Ba4 38. Rxc8 Rxc8 39. Rc1 Rh8 40. Kc3 Kd6 41. Kd4 Bb5 {[%emt 0:00:25] [#]} 42. e4 (42. Ne5 $1 $16 Nxe5 43. fxe5+ Kd7 44. Bf1) 42... dxe4 43. Bxe4 Rh4 44. Ke3 Rh3+ 45. Kd4 Rh4 46. Rc8 Rh2 $16 (46... f6 $11 {keeps the balance.}) 47. Kc3 e5 48. Nxe5 Nxe5 49. fxe5+ Kxe5 50. Bd3 Rh3 51. Rc5+ Kd6 52. Rxb5 axb5 53. Kd4 Rh4+ 54. Be4 Kc7 55. Kd5 Rg4 56. Ke5 Rxg5+ 57. Kf6 Rg4 58. Bd5 Rxb4 59. Bxf7 Rf4+ *

[Event "68th Warsaw-ch-A 2019"]
[Site "Warsaw"]
[Date "2019.11.18"]
[Round "8.9"]
[White "Cyra, Dariusz"]
[Black "Urbaniak, Karol"]
[Result "1-0"]
[ECO "A45"]
[WhiteElo "1818"]
[BlackElo "1812"]
[Annotator "NA RC"]
[PlyCount "47"]
[EventDate "2019.11.14"]
[EventType "swiss"]
[EventCountry "POL"]
[SourceTitle "playchess.com"]
[Source "ChessBase"]
[SourceQuality "1"]
[TimeControl "5400+30"]

1. d4 Nf6 2. Bf4 d5 3. e3 Bf5 4. c4 e6 5. Qb3 Nbd7 6. Nc3 Bd6 7. Bxd6 cxd6 8. cxd5 Qa5 9. Bc4 exd5 10. Bxd5 Nxd5 11. Qxd5 Qxd5 12. Nxd5 Be4 13. Nf4 g5 14. f3 gxf4 15. fxe4 fxe3 16. Ke2 Rc8 17. Kxe3 Rc2 18. Ne2 Rxb2 19. Rhb1 Rb6 20. Nf4 Rg8 21. Kf3 Rxb1 22. Rxb1 b6 23. Rc1 Rg5 24. Rc8+ 1-0

[Event "68th Warsaw-ch-A 2019"]
[Site "Warsaw"]
[Date "2019.11.18"]
[Round "8.10"]
[White "Grochowski, Kosma"]
[Black "Derylo, Kamil"]
[Result "0-1"]
[ECO "C83"]
[WhiteElo "1920"]
[BlackElo "1969"]
[Annotator "NA RC"]
[PlyCount "102"]
[EventDate "2019.11.14"]
[EventType "swiss"]
[EventCountry "POL"]
[SourceTitle "playchess.com"]
[Source "ChessBase"]
[SourceQuality "1"]
[TimeControl "5400+30"]

1. e4 e5 2. Nf3 Nc6 3. Bb5 a6 4. Ba4 Nf6 5. O-O Nxe4 6. d4 b5 $14 7. Bb3 d5 8. dxe5 Be6 9. c3 Be7 10. Re1 O-O 11. Nbd2 Nc5 12. Bc2 d4 13. cxd4 Nxd4 14. Nxd4 Qxd4 15. Nf1 Rad8 16. Qxd4 Rxd4 17. Be3 Rd7 18. Rec1 h6 19. f4 f5 20. g3 g5 21. Kf2 Bd5 22. Nd2 Kg7 23. Ke2 Ne6 24. a4 c5 25. axb5 axb5 26. Ra5 Rb7 27. Rca1 g4 28. Ra7 Kg6 29. Rxb7 Bxb7 30. Ra7 Rb8 31. b3 Bd8 32. Bd3 Bb6 33. Ra1 Bc6 34. Ke1 Rd8 35. Be2 h5 36. Ra6 Rb8 37. Nb1 Nc7 38. Ra2 Nd5 39. Bd2 h4 40. Ra6 hxg3 41. hxg3 Nc7 42. Ra2 Rh8 43. Bf1 Rh2 44. Nc3 c4 45. Bc1 Rxa2 46. Nxa2 cxb3 47. Nc3 Ba5 48. Bb2 Nd5 49. Kd2 Nxc3 50. Bxc3 b2 51. Bd3 Be4 0-1

[Event "68th Warsaw-ch-A 2019"]
[Site "Warsaw"]
[Date "2019.11.19"]
[Round "9.2"]
[White "Kowalski, Igor"]
[Black "Chomczyk, Marek"]
[Result "1-0"]
[ECO "A59"]
[WhiteElo "2346"]
[BlackElo "2282"]
[Annotator "ChessBase"]
[PlyCount "75"]
[EventDate "2019.11.14"]
[EventType "swiss"]
[EventCountry "POL"]
[SourceTitle "playchess.com"]
[Source "ChessBase"]
[SourceQuality "1"]
[TimeControl "5400+30"]

1. d4 Nf6 2. c4 c5 3. d5 b5 4. cxb5 a6 5. bxa6 g6 6. Nc3 Bxa6 7. e4 Bxf1 8. Kxf1 d6 9. g3 Bg7 10. Kg2 O-O 11. Nf3 Nbd7 12. a4 Qb6 13. Nd2 Rfb8 14. Ra3 Qb4 15. Qe2 Ne8 16. h4 Qb7 17. h5 Qa6 18. Nb5 Nc7 19. hxg6 hxg6 20. Nb1 Nxb5 21. axb5 Qb7 22. Bh6 Rxa3 23. Nxa3 Nf6 24. Bxg7 Kxg7 25. f3 Kf8 26. Qd2 Ke8 27. Rh8+ Kd7 28. Rxb8 Qxb8 29. Qa5 e6 30. b6 Ke7 31. Nc4 Nd7 32. Qa7 f5 33. Qc7 g5 34. dxe6 Kxe6 35. exf5+ Kd5 36. Qxd7 Kxc4 37. b7 Qh8 38. Qa4+ 1-0

[Event "68th Warsaw-ch-A 2019"]
[Site "Warsaw"]
[Date "2019.11.19"]
[Round "9.3"]
[White "Mis, Mieszko"]
[Black "Sliwerski, Radoslaw"]
[Result "1-0"]
[ECO "A06"]
[WhiteElo "2328"]
[BlackElo "2091"]
[Annotator "ChessBase"]
[PlyCount "39"]
[EventDate "2019.11.14"]
[EventType "swiss"]
[EventCountry "POL"]
[SourceTitle "playchess.com"]
[Source "ChessBase"]
[SourceQuality "1"]
[TimeControl "5400+30"]

1. Nf3 d5 2. g3 e6 3. Bg2 Nf6 4. O-O c5 5. d4 Nc6 6. c4 dxc4 7. Ne5 Nxe5 8. dxe5 Qxd1 9. Rxd1 Nd7 10. Na3 Be7 11. Nxc4 Rb8 12. a4 O-O 13. a5 Rd8 14. Be3 Kf8 15. b4 b5 16. axb6 axb6 17. b5 Bb7 18. Bc6 Bc8 19. Ra7 Ke8 20. h4 1-0

[Event "68th Warsaw-ch-A 2019"]
[Site "Warsaw"]
[Date "2019.11.19"]
[Round "9.4"]
[White "Wiech, Grzegorz"]
[Black "Praczukowski, Stanislaw"]
[Result "0-1"]
[ECO "C68"]
[WhiteElo "2219"]
[BlackElo "2069"]
[Annotator "ChessBase"]
[PlyCount "124"]
[EventDate "2019.11.14"]
[EventType "swiss"]
[EventCountry "POL"]
[SourceTitle "playchess.com"]
[Source "ChessBase"]
[SourceQuality "1"]
[TimeControl "5400+30"]

1. e4 e5 2. Nf3 Nc6 3. Bb5 a6 4. Bxc6 dxc6 5. O-O Bg4 6. h3 h5 7. d3 Qf6 8. Be3 Bxf3 9. Qxf3 Qxf3 10. gxf3 Bd6 11. Nd2 Ne7 12. Kh2 f6 13. h4 Ng6 14. Kh3 Kf7 15. Rg1 Nf8 16. Kg3 Ne6 17. Nc4 g5 18. Kh3 Rhg8 19. Rg2 b5 20. Na5 c5 21. Rag1 Nf4+ 22. Bxf4 gxf4 23. Rxg8 Rxg8 24. Ra1 c4 25. dxc4 Bc5 26. Rf1 Bb6 27. b4 Rd8 28. Nb7 Rb8 29. c5 Rxb7 30. cxb6 Rxb6 31. Rc1 Rc6 32. c3 Ke6 33. Kg2 Rd6 34. c4 Kd7 35. cxb5 axb5 36. Rc3 Rd2 37. a3 c6 38. Kf1 Rd1+ 39. Kg2 Ra1 40. Rd3+ Kc7 41. Kh2 Rc1 42. Kg2 Rc4 43. Kf1 Rc1+ 44. Kg2 Rc4 45. Kf1 Rc1+ 46. Kg2 c5 47. bxc5 Rxc5 48. Kf1 Rc1+ 49. Kg2 Ra1 50. Kh2 Kc6 51. Rc3+ Kb6 52. Kg2 Ra2 53. Kg1 Ka5 54. Rb3 Ka4 55. Rb4+ Ka5 56. Rb3 Rc2 57. Kg2 Rc5 58. Rd3 Ka4 59. Rd6 Kxa3 60. Rxf6 b4 61. Ra6+ Kb2 62. Rd6 Kc3 0-1

[Event "68th Warsaw-ch-A 2019"]
[Site "Warsaw"]
[Date "2019.11.19"]
[Round "9.5"]
[White "Malec, Sebastian"]
[Black "Mickiewicz, Piotr"]
[Result "1-0"]
[ECO "B85"]
[WhiteElo "2069"]
[BlackElo "2216"]
[Annotator "ChessBase"]
[PlyCount "83"]
[EventDate "2019.11.14"]
[EventType "swiss"]
[EventCountry "POL"]
[SourceTitle "playchess.com"]
[Source "ChessBase"]
[SourceQuality "1"]
[TimeControl "5400+30"]

1. e4 c5 2. Nf3 e6 3. d4 cxd4 4. Nxd4 Nf6 5. Nc3 d6 6. Be2 a6 7. O-O Qc7 8. a4 b6 9. Bg5 Nbd7 10. Re1 Be7 11. Bh5 O-O 12. Re3 g6 13. Rg3 Re8 14. Bf3 Bb7 15. h4 Ne5 16. h5 Rad8 17. hxg6 hxg6 18. Bh6 Qc5 19. Be3 Nxf3+ 20. gxf3 Qc4 21. Nce2 e5 22. b3 Qc7 23. Nf5 d5 24. Qf1 dxe4 25. Qh3 Bc8 26. fxe4 Nxe4 27. Rg2 Ng5 28. Bxg5 Bxf5 29. Qxf5 gxf5 30. Bxe7+ Kh8 31. Rh2+ Kg7 32. Rg2+ Kh7 33. Rh2+ Kg6 34. Rg2+ Kh7 35. Rh2+ Kg6 36. Rg2+ Kh5 37. Ng3+ Kg4 38. f3+ Kh3 39. Nxf5 Rg8 40. Bg5 Rxg5 41. Rxg5 e4 42. Rh5# 1-0

[Event "68th Warsaw-ch-A 2019"]
[Site "Warsaw"]
[Date "2019.11.19"]
[Round "9.6"]
[White "Sadowski, Miroslaw"]
[Black "Cyra, Dariusz"]
[Result "1/2-1/2"]
[ECO "A46"]
[WhiteElo "1998"]
[BlackElo "1818"]
[Annotator "NA"]
[PlyCount "63"]
[EventDate "2019.11.14"]
[EventType "swiss"]
[EventCountry "POL"]
[SourceTitle "playchess.com"]
[Source "ChessBase"]
[SourceQuality "1"]
[TimeControl "5400+30"]

1. d4 Nf6 2. Nf3 e6 3. Bf4 d5 4. e3 c5 5. Be2 Nc6 6. O-O {[%emt 0:00:38] D02: 1 d4 d5 2 Nf3 sidelines, including 2...Nf6 3 g3 and 2...Nf6 3 Bf4} Bd6 (6... Be7 7. dxc5 Bxc5 8. c4 O-O 9. Nc3 dxc4 10. Bxc4 Qxd1 11. Rfxd1 b6 12. Ng5 Be7 13. Nge4 Rd8 14. Bb5 Bb7 15. Nd6 Bxd6 16. Bxd6 Rac8 17. f3 a6 18. Be2 {0-1 (47) Rapport,R (2700)-Aronian,L (2797) Caleta 2018}) 7. Bxd6 Qxd6 8. c4 O-O 9. Nc3 dxc4 10. Bxc4 a6 11. a4 cxd4 12. Nxd4 e5 $146 ({Predecessor:} 12... Nb4) 13. Nxc6 Qxc6 14. Bd5 Qc5 15. Rc1 Qe7 16. Qb3 Be6 17. Bxe6 Qxe6 18. Qxe6 fxe6 19. Rfd1 Rad8 20. h3 Kf7 21. Kf1 $11 Ke7 22. Ke2 Rxd1 23. Rxd1 Rc8 24. Rd2 Rc4 25. Kd3 Rb4 26. Kc2 Nd7 27. Kb1 Nc5 28. Ka2 a5 29. Ka3 Rb3+ 30. Ka2 Rb4 31. Ka3 Rb3+ 32. Ka2 1/2-1/2

[Event "68th Warsaw-ch-A 2019"]
[Site "Warsaw"]
[Date "2019.11.19"]
[Round "9.7"]
[White "Jakubowska, Anna"]
[Black "Pichurko, Jakub"]
[Result "1-0"]
[ECO "B03"]
[WhiteElo "2112"]
[BlackElo "1877"]
[Annotator "ChessBase"]
[PlyCount "66"]
[EventDate "2019.11.14"]
[EventType "swiss"]
[EventCountry "POL"]
[SourceTitle "playchess.com"]
[Source "ChessBase"]
[SourceQuality "1"]
[TimeControl "5400+30"]

1. e4 Nf6 2. e5 Nd5 3. d4 d6 4. c4 Nb6 5. exd6 cxd6 6. Nc3 g6 7. Be3 Bg7 8. Rc1 O-O 9. b3 e5 10. dxe5 dxe5 11. c5 N6d7 12. Nf3 Nc6 13. Bc4 Qa5 14. O-O Nxc5 15. Ng5 Nd4 16. b4 Qxb4 17. Nd5 Qa4 18. Ne7+ Kh8 19. Bxd4 Qxd1 20. Rfxd1 exd4 21. Nxf7+ Rxf7 22. Bxf7 b6 23. Bd5 Rb8 24. Nc6 Rb7 25. Nxd4 Rd7 26. Nb3 Rd8 27. Nxc5 bxc5 28. Rxc5 Bg4 29. Bf3 Rxd1+ 30. Bxd1 Bf5 31. Bc2 Bg4 32. h3 Be6 33. Rc6 Bd7 1-0

[Event "68th Warsaw-ch-A 2019"]
[Site "Warsaw"]
[Date "2019.11.19"]
[Round "9.8"]
[White "Janeczko, Jakub"]
[Black "Poniewierski, Piotr"]
[Result "1/2-1/2"]
[ECO "B42"]
[WhiteElo "1839"]
[BlackElo "1858"]
[Annotator "NA"]
[PlyCount "108"]
[EventDate "2019.11.14"]
[EventType "swiss"]
[EventCountry "POL"]
[SourceTitle "playchess.com"]
[Source "ChessBase"]
[SourceQuality "1"]
[TimeControl "5400+30"]

1. e4 c5 2. Nf3 e6 3. d4 cxd4 4. Nxd4 a6 5. Bd3 Nf6 6. O-O Qc7 7. Nd2 g6 {[%emt 0:01:38] B42: Sicilian: Kan Variation: 5 Bd3} (7... Bc5 8. N4b3 Be7 9. f4 d6 10. Nf3 Nc6 11. c3 O-O 12. Qe2 b6 13. Bd2 Bb7 14. Rae1 Nd7 15. Nbd4 {1-0 (58) Fedoseev,V (2662)-Yu,Y (2675) Dubai 2014}) 8. c3 (8. Qf3 $14 Be7 9. Nc4) 8... Bg7 9. f4 d6 10. N2f3 Nbd7 11. Qe2 O-O 12. h3 $146 ({Predecessor:} 12. Nb3 b5 13. Be3 {1-0 (71) Kaskevich,R (1874)-Sadykova,A (2109) Tomsk 2009}) 12... Nc5 13. Bc2 d5 14. e5 Nfe4 15. Qe1 Bd7 16. b4 Na4 17. Bxe4 dxe4 18. Qxe4 Nxc3 19. Qc2 Rfc8 20. Bb2 Nd5 21. Qd2 Qb6 22. a3 a5 23. bxa5 Qxa5 24. Qxa5 Rxa5 25. g3 Bf8 26. Nd2 Rca8 27. Rf3 b5 28. h4 Ra4 29. N2b3 ({White should play} 29. Ne4 $15) 29... Bxa3 30. Rxa3 Rxa3 31. Bxa3 Rxa3 32. Nc5 Rxf3 33. Nxf3 Be8 34. Kf2 Kf8 35. Ke2 Ke7 36. Kd3 h6 37. Nd4 b4 38. Kc4 $11 Bd7 39. Nd3 Ne3+ 40. Kxb4 Nf1 41. g4 Ne3 42. g5 h5 43. Kc3 Ng2 44. Kd2 Nxh4 45. Ke3 Nf5+ 46. Nxf5+ exf5 47. Nc5 Bc6 48. Nd3 h4 49. Kf2 Be4 50. Nc5 Bd5 51. Kg1 h3 52. Kh2 Bg2 53. Kg3 Bf1 54. Kh2 Bg2 1/2-1/2

[Event "68th Warsaw-ch-A 2019"]
[Site "Warsaw"]
[Date "2019.11.19"]
[Round "9.9"]
[White "Siekierski, Pawel"]
[Black "Derylo, Kamil"]
[Result "0-1"]
[ECO "D37"]
[WhiteElo "1959"]
[BlackElo "1969"]
[Annotator "NA"]
[PlyCount "144"]
[EventDate "2019.11.14"]
[EventType "swiss"]
[EventCountry "POL"]
[SourceTitle "playchess.com"]
[Source "ChessBase"]
[SourceQuality "1"]
[TimeControl "5400+30"]

1. d4 Nf6 2. c4 e6 3. Nf3 d5 4. Nc3 Nbd7 5. Bg5 c6 6. cxd5 exd5 7. Qc2 h6 8. Bh4 g5 9. Bg3 Nh5 10. e3 Nxg3 11. hxg3 Bg7 12. Bd3 Nb6 13. b3 Be6 14. Rc1 Qe7 15. Bf5 g4 16. Ne5 Bxe5 17. dxe5 Nd7 18. Ne2 Nxe5 19. Bxe6 fxe6 20. Rh5 Qf6 21. Nf4 O-O-O 22. Qc3 d4 23. exd4 Rxd4 24. Qe3 Nd7 (24... Nf7 $17 25. Kf1 (25. Nxe6 $2 Rd7 $19) 25... Ng5) 25. Ne2 Rd5 26. Rxd5 exd5 27. Qxa7 Re8 28. Kf1 Qb2 29. Re1 Re4 30. Nf4 Rxe1+ 31. Kxe1 Qc3+ 32. Kd1 Nc5 33. Qa3 {[%emt 0:09:09] [#]} Ne4 $1 ({Not} 33... Qd4+ 34. Ke2 $17) 34. Qf8+ Kc7 35. Qg7+ Qxg7 36. Ne6+ Kb6 37. Nxg7 $19 Kc5 38. Nf5 h5 39. f3 Nc3+ 40. Kd2 Nxa2 41. Ng7 Kd4 42. Nxh5 c5 43. fxg4 c4 44. g5 c3+ 45. Kc2 Nb4+ 46. Kc1 Ke5 47. g6 Ke6 48. g4 d4 49. g5 d3 50. Nf4+ Ke7 51. Nxd3 Nxd3+ 52. Kc2 Nf4 53. Kxc3 Nxg6 54. Kb4 Kd6 55. Kb5 Kc7 56. Kc5 Nf4 57. Kb5 Ng6 58. Kc5 Ne7 59. Kb5 b6 60. Kc4 Kc6 61. g3 Ng6 62. Kb4 Ne5 63. Kc3 Kc5 64. Kb2 Kb4 65. Kc2 b5 66. Kb2 Ng6 67. Kc2 Ka3 68. Kc3 b4+ 69. Kc4 Nf8 70. Kd5 Kxb3 71. Ke5 Kc3 72. Kf6 Nh7+ 0-1

[Event "68th Warsaw-ch-A 2019"]
[Site "Warsaw"]
[Date "2019.11.19"]
[Round "9.10"]
[White "Urbaniak, Karol"]
[Black "Korcz, Daniel"]
[Result "0-1"]
[ECO "C55"]
[WhiteElo "1812"]
[BlackElo "1807"]
[Annotator "NA"]
[PlyCount "116"]
[EventDate "2019.11.14"]
[EventType "swiss"]
[EventCountry "POL"]
[SourceTitle "playchess.com"]
[Source "ChessBase"]
[SourceQuality "1"]
[TimeControl "5400+30"]

1. e4 e5 2. Nf3 Nc6 3. d4 exd4 4. Bc4 Nf6 5. e5 Ng4 6. Bxf7+ Kxf7 7. Ng5+ Kg8 8. Qxg4 h6 {[%emt 0:01:04] C56: Two Knights: 4 d4 exd4 5 0-0 Nxe4} 9. Nf3 Bb4+ (9... d6 10. Qe4 dxe5 11. Nxe5 Nxe5 12. Qxe5 Qd6 13. Bf4 Qxe5+ 14. Bxe5 Bf5 15. Bxd4 Re8+ 16. Be3 Bxc2 {½-½ (53) Bruaset,E (2181)-Pantzar,M (2376) Gothenburg 2019}) 10. c3 d6 $146 ({Predecessor:} 10... dxc3 11. bxc3 Ba5 12. Qc4+ Kf8 13. Ba3+ d6 14. O-O Qe8 15. exd6 cxd6 16. Bxd6+ {1-0 (46) Wodzynski,M (1800)-Wodzynska,Z (1531) Chelmza 2009}) 11. e6 $17 (11. Qg3 $11 dxc3 12. bxc3) 11... dxc3 12. O-O Qf6 13. Nxc3 Bxe6 14. Qg3 Bxc3 15. bxc3 Kh7 16. Rb1 b6 17. Re1 Bxa2 18. Rb5 Rhe8 19. Be3 Bf7 20. Qh3 Ne5 21. Ng5+ Kg8 22. Ne4 Qg6 23. Ng3 Be6 24. Qh4 a6 25. Rbb1 Qg4 26. Qxg4 Nxg4 27. Bf4 Ba2 28. Ra1 Rxe1+ 29. Rxe1 Kf7 30. Nf5 Be6 31. Nd4 Bd7 32. f3 Nf6 33. Kf2 Nd5 34. Bd2 b5 35. Rb1 c5 36. Nc2 Bf5 37. Rb2 Bxc2 38. Rxc2 Ke6 39. Rc1 Nb6 40. Re1+ Kd7 41. g4 Nc4 42. Bc1 a5 43. Re4 a4 44. Rf4 Ne5 45. Ke2 a3 46. h4 a2 47. Bb2 a1=Q 48. Bxa1 Rxa1 49. g5 Ra2+ 50. Ke3 hxg5 51. hxg5 Rg2 52. Rf5 g6 53. Rf8 Rxg5 54. f4 Nc4+ 55. Kf2 Rf5 56. Rg8 Rxf4+ 57. Ke2 Ne5 58. Rg7+ Kc6 0-1